 Dungeon Crawl Stone Soup version 0.31.0-1-g2c135a008e (webtiles) character file.

Game seed: 10421293045179988808

22900 qw the Skirmisher (level 13, -5/96 HPs)
             Began as a Djinni Hunter on Jan 24, 2024.
             Was a High Priest of Okawaru.
             Slain by Rupert
             ... wielding a +0 great mace of holy wrath
              (34 damage)
             ... on level 2 of the Lair of Beasts.
             The game lasted 00:01:16 (9793 turns).

qw the Skirmisher (Djinni Hunter)                   Turns: 9793, Time: 00:01:17

Health: -5/96      AC: 11    Str: 10    XL:     13   Next: 31%
Gold:   606        EV: 19    Int: 11    God:    Okawaru [*****.] SH:  0 Dex: 22

rFire   + + .        l - +2 triple crossbow (antimagic)
rCold   x . .        (shield currently unavailable)
rNeg    . . .        c - +1 troll leather armour
rPois   inf          (helmet restricted)
rElec   .            (no cloak)
rCorr   .            i - +2 pair of gloves
SInv    .            (boots unavailable)
Will    +....        (no amulet)
Stlth   ++           d - +4 ring of slaying {mikee}
HPRegen 1.16/turn    t - +4 ring of protection
MPRegen 0.00/turn

%: infuse magic (-6 HP)
@: finesse-ful, flying
A: sickness immunity, fire resistance 2, cold vulnerability 1, float, innate
caster, HP casting, extra vitality 1, antennae 1, MP-powered wands
a: Renounce Religion, Heroism, Finesse, Duel


You were on level 2 of the Lair of Beasts.
You worshipped Okawaru.
Okawaru was extremely pleased with you.
You visited 3 branches of the dungeon, and saw 14 of its levels.

You collected 801 gold pieces.
You spent 195 gold pieces at shops.


Innate Abilities, Weirdness & Mutations

You are immune to sickness and miasma.
You are immune to poison.
Your flesh is very heat resistant. (rF++)
You are vulnerable to cold. (rC-)
You float through the air rather than walking.
You learn spells naturally, not from books.
Your magical power is your life essence.
You have superior vitality. (+4 MHP)
You have a pair of small antennae on your head.
You expend health (3 HP) to strengthen your wands.


   Skills:
 - Level 10.0 Fighting
 + Level 12.6 Ranged Weapons
 - Level 2.5 Armour
 - Level 10.1 Dodging
 - Level 0.7 Stealth
 + Level 8.8 Invocations


You knew the following spells:

 Your Spells              Type           Power      Damage    Failure   Level
a - Summon Small Mammal   Summ           0%         N/A       43%         1
b - Lesser Beckoning      Tloc           0%         N/A       56%         2
c - Momentum Strike       Conj/Tloc      0%         3d8       56%         2
d - Stone Arrow           Conj/Erth      0%         3d7       80%         3
e - Silence               Hex/Air        0%         N/A       100%        5
f - Irradiate             Conj/Alch      0%         3d11      100%        5
Your spell library was empty.

Inventory:

Hand Weapons
 l - a +2 antimagic triple crossbow (weapon)
Armour
 c - a +1 troll leather armour (worn)
 i - a +2 pair of gloves (worn)
Jewellery
 d - a +4 ring of slaying (left hand) {mikee}
 m - a ring of fire
 p - a ring of protection from fire
 t - a +4 ring of protection (right hand)
Wands
 a - a wand of iceblast (7)
 b - a wand of acid (4)
 j - a wand of polymorph (1)
Scrolls
 e - 4 scrolls of teleportation
 k - a scroll of identify
Potions
 f - a potion of resistance
 g - 4 potions of enlightenment
 h - 3 potions of heal wounds
 n - a potion of might
 o - 3 potions of curing
 r - a potion of haste

Dungeon Overview and Level Annotations

Branches:
Dungeon (10/15)            Temple (1/1) D:5            Lair (3/5) D:10
  Swamp (0/4) Lair:2        Snake (0/4) Lair:2          Orc (0/2) D:10

Altars:
Ashenzari
Cheibriados
Dithmenos
Elyvilon
Fedhas
Gozag
Hepliaklqana
Makhleb
Nemelex Xobeh
Okawaru
Qazlal
Ru
Trog
Uskayaw
Wu Jian
Xom
Yredelemnul
Zin
The Shining One

Shops:
D:1 *   D:5 ([

Annotations:
Lair:2 Rupert


Message History

Rupert goes berserk!
There is a stone staircase leading up here.
There are monsters nearby!
9784 ||| STAIRDANCE The wolf bites you.
Rupert rages.
You fly upwards.
There is a stone staircase leading down here.
You shoot a bolt. The bolt hits the wolf!!
You kill the wolf!
Okawaru accepts your kill.
You start resting.
HP restored.
Done exploring.
What level of the Lair of Beasts? (default 3, ? - help)
You fly downwards.
Level annotation: Rupert The wolf howls!
The polar bear growls angrily.
You hear a roar!
Rupert hits you with a +0 great mace of holy wrath!! x2
The wolf misses you.
There is a stone staircase leading up here.
9791 ||| STAIRDANCE The wolf misses you.
Rupert hits you with a +0 great mace of holy wrath!
The wolf misses you. Rupert misses you.
You fly upwards.
There is a stone staircase leading down here.
Enter note:
Enter note:
Enter note:
Enter note:
Enter note:
Enter note:
Enter note:
9793 ||| INVOKING Finesse.
You can now deal lightning-fast blows.
The wolf bites you.
Rupert hits you with a +0 great mace of holy wrath!!
You die...
Rupert roars with triumph.

#...##.......%.....# ##P.
777..77#.............# ######..
~~~...77.............#####.##P#..
.~.~~77........~.~~..~##.#.....#.
~~.~77......~.~~~~~~~#.#.........
~....777.....~~~~~~~.............
7..(77 7....~~~~~~~~~.#....(.....
¤..77777...~~~~.~.~~~~P..(P(..#..
7777~~>7....~~~.@@~~~....(((.....
777¤~~77..>.~~~%h%~~~.........##.
77...777....~~~~~~~~~~....(...###
~~~¤¤¤7.....~~~~~~~~~...######.#
¤~~¤¤¤77......~~~~~~.....#######
¤~¤¤¤77.......~~~~~...#..#.P#
¤77¤..7..[...........##.....##
¤¤.¤..77.............###.....##
7¤..777#..............##....#.#


You could see Rupert (berserk) and a wolf.

Vanquished Creatures
  Gastronok (Lair:2)
  A hydra (Lair:2)
  A two-headed ogre (D:6)
  3 death yaks (D:10)
  Sonja (Lair:2)
  Amaemon (Lair:1)
  A skyshark (Lair:2)
  Pikel (D:9)
  A cyclops (D:9)
  4 black mambas (Lair:2)
  An orange demon (Lair:1)
  5 cane toads
  A rime drake (Lair:1)
  5 komodo dragons
  A tyrant leech (Lair:2)
  4 trolls
  3 wyverns
  2 wraiths
  17 yaks
  4 basilisks
  A steam dragon (D:10)
  Edmund (D:5)
  2 swamp worms (Lair:2)
  12 water moccasins
  2 acid dragons
  A sky beast (D:6)
  An ice beast (D:6)
  A black bear (D:5)
  6 orc warriors
  An ogre (D:6)
  7 wolves
  5 centaurs
  2 lemures (D:9)
  2 kobold brigands
  Blork the orc (D:6)
  3 bullfrogs
  A gnoll sergeant (D:9)
  5 wights
  29 killer bees
  2 electric eels (Lair:2)
  3 howler monkeys
  A hound (D:5)
  2 bombardier beetles
  3 gnoll boudas
  9 orc priests
  2 jellies (D:4)
  2 sleepcaps
  3 iguanas
  11 orc wizards
  16 gnolls
  5 adders
  A shadow imp (D:5)
  A white imp (D:7)
  2 ufetubi (D:6)
  A ribbon worm (D:4)
  44 orcs
  5 endoplasms
  2 giant cockroaches
  9 goblins
  9 hobgoblins
  2 jackals (D:1)
  14 kobolds
  5 quokkas
  4 ball pythons
  6 bats
  3 frilled lizards
  6 rats
314 creatures vanquished.

Notes
Turn   | Place    | Note
-------+----------+-------------------------------------------
     0 | D:1      | qw the Djinni Hunter began the quest for the Orb.
     0 | D:1      | Reached XP level 1. HP: 18/18 MP: 0/0
     0 | D:1      | 0 ||| qw: Version: 0.3-a-136-gdd3b4e8
     0 | D:1      | 0 ||| qw: Game counter: 1430
     0 | D:1      | 0 ||| qw: Melee chars always use a shield: true
     0 | D:1      | 0 ||| qw: God list: Okawaru
     0 | D:1      | 0 ||| qw: Allow faded altars: false
     0 | D:1      | 0 ||| qw: Do Orc after clearing Dungeon:15 true
     0 | D:1      | 0 ||| qw: Do second Lair branch before Depths: true
     0 | D:1      | 0 ||| qw: Lair rune preference: random
     0 | D:1      | 0 ||| qw: Goals: Normal
     0 | D:1      | 0 ||| PLANNING D:1-11
    16 | D:1      | Found Muek's Assorted Antiques.
    25 | D:1      | 25 ||| SHOPLISTING 2 emerald potions (50 gold, have 7).
    25 | D:1      | 25 ||| SHOPLISTING 2 grey potions (50 gold, have 7).
    25 | D:1      | 25 ||| SHOPLISTING emerald potion (25 gold, have 7).
    25 | D:1      | 25 ||| SHOPLISTING scroll labelled NADIOC AKAXOFE (28 gold,
                  | have 7).
    25 | D:1      | 25 ||| SHOPLISTING scroll labelled PARRAF TOYRINE (28 gold,
                  | have 7).
   141 | D:1      | Reached XP level 2. HP: 23/23 MP: 0/0
   720 | D:1      | 720 ||| UPGRADING to +0 pair of gloves.
   725 | D:1      | 725 ||| UPGRADING to +4 ring of slaying {mikee}.
   726 | D:1      | 726 ||| READING scroll labelled LAUTOI PUETWEL.
   729 | D:1      | 729 ||| READING scroll labelled DULYARGH TICS.
   730 | D:1      | 730 ||| READING scroll labelled PARRAF TOYRINE.
   730 | D:1      | 730 ||| IDENTIFYING blue potion
   731 | D:1      | 731 ||| DROPPING scroll of butterflies.
   732 | D:1      | 732 ||| DROPPING potion of degeneration.
   761 | D:2      | Reached XP level 3. HP: 28/28 MP: 0/0
   761 | D:2      | Learned a level 1 spell: Summon Small Mammal
   776 | D:2      | Reached skill level 4 in Ranged Weapons
   913 | D:2      | Identified the +6 hand axe "Lilloira" {elec, rElec rN+}
  1363 | D:2      | 1363 ||| FLEEEEING.
  1364 | D:2      | 1364 ||| FLEEEEING.
  1499 | D:2      | 1499 ||| UPGRADING to +1 pair of gloves.
  1509 | D:2      | 1509 ||| DROPPING +0 pair of gloves.
  1510 | D:2      | 1510 ||| READING scroll of identify.
  1510 | D:2      | 1510 ||| IDENTIFYING sapphire potion
  1511 | D:2      | 1511 ||| READING 3 scrolls labelled HOFUERE VUAM.
  1511 | D:2      | 1511 ||| ENCHANTING +0 shortbow.
  1512 | D:2      | 1512 ||| READING 2 scrolls of enchant weapon.
  1512 | D:2      | 1512 ||| ENCHANTING +1 shortbow.
  1513 | D:2      | 1513 ||| READING scroll of enchant weapon.
  1513 | D:2      | 1513 ||| ENCHANTING +2 shortbow.
  1514 | D:2      | 1514 ||| DRINKING 3 white potions.
  1515 | D:2      | 1515 ||| DROPPING potion of brilliance.
  1599 | D:3      | 1599 ||| DRINKING grey potion.
  1610 | D:3      | Reached skill level 3 in Fighting
  1610 | D:3      | Reached XP level 4. HP: 35/35 MP: 0/0
  1656 | D:3      | Found a glowing silver altar of Zin.
  1785 | D:3      | Reached skill level 3 in Dodging
  1785 | D:3      | Reached XP level 5. HP: 18/40 MP: 0/0
  1785 | D:3      | Learned a level 2 spell: Lesser Beckoning
  1798 | D:3      | 1798 ||| FLEEEEING.
  1799 | D:3      | 1799 ||| FLEEEEING.
  2454 | D:3      | Reached XP level 6. HP: 46/46 MP: 0/0
  2507 | D:3      | 2507 ||| UPGRADING to +0 ring mail.
  2517 | D:3      | 2517 ||| DROPPING +0 leather armour.
  2637 | D:4      | Reached skill level 1 in Armour
  2741 | D:4      | Reached skill level 5 in Ranged Weapons
  3091 | D:4      | 3091 ||| UPGRADING to +6 ring of strength.
  3092 | D:4      | 3092 ||| DROPPING +6 ring of intelligence.
  3093 | D:4      | 3093 ||| READING scroll of identify.
  3093 | D:4      | 3093 ||| IDENTIFYING purple potion
  3094 | D:4      | 3094 ||| READING scroll labelled EFEATIUKLA.
  3095 | D:4      | 3095 ||| READING scroll labelled LYN QOOGAL.
  3095 | D:4      | 3095 ||| ENCHANTING +1 pair of gloves.
  3096 | D:4      | 3096 ||| READING scroll labelled NADIOC AKAXOFE.
  3119 | D:5      | Entered Level 5 of the Dungeon
  3155 | D:5      | Found Bikasupt's Antique Weapon Boutique.
  3163 | D:5      | Reached XP level 7. HP: 52/52 MP: 0/0
  3163 | D:5      | Learned a level 2 spell: Momentum Strike
  3166 | D:5      | 3166 ||| BUYING longbow (195 gold).
  3166 | D:5      | Bought a longbow for 195 gold pieces
  3166 | D:5      | 3166 ||| SHOPLISTING runed arbalest (225 gold, have 15).
  3166 | D:5      | 3166 ||| SWAPPING to +0 longbow.
  3167 | D:5      | 3167 ||| DROPPING +3 shortbow.
  3272 | D:5      | Found Geipridi's Antique Armour Shop.
  3272 | D:5      | Noticed Edmund
  3287 | D:5      | Found an ornate altar of the Wu Jian Council.
  3502 | D:5      | Reached skill level 6 in Ranged Weapons
  3504 | D:5      | 3504 ||| READING scroll of enchant weapon.
  3504 | D:5      | 3504 ||| ENCHANTING +0 longbow.
  3589 | D:5      | Found a staircase to the Ecumenical Temple.
  3589 | D:5      | Found a faded altar of an unknown god.
  3590 | D:5      | 3590 ||| PLANNING TEMPLE
  3590 | D:5      | 3590 ||| READING 4 scrolls of identify.
  3590 | D:5      | 3590 ||| IDENTIFYING viscous dark potion
  3591 | D:5      | 3591 ||| READING 3 scrolls of identify.
  3591 | D:5      | 3591 ||| IDENTIFYING orange potion
  3592 | D:5      | 3592 ||| READING 2 scrolls of identify.
  3592 | D:5      | 3592 ||| IDENTIFYING emerald potion
  3593 | D:5      | 3593 ||| DROPPING potion of attraction.
  3602 | Temple   | Entered the Ecumenical Temple
  3603 | Temple   | 3603 ||| PLANNING D:1-11
  3724 | D:5      | 3724 ||| READING scroll of identify.
  3724 | D:5      | 3724 ||| IDENTIFYING scroll labelled XUCEATS LOIS
  3725 | D:5      | 3725 ||| DROPPING scroll of fear.
  3741 | D:6      | 3741 ||| STAIRDANCE
  3748 | D:6      | 3748 ||| STAIRDANCE
  3759 | D:6      | 3759 ||| STAIRDANCE
  3812 | D:6      | Found a hide-covered altar of Uskayaw.
  3845 | D:6      | Reached XP level 8. HP: 58/58 MP: 0/0
  3880 | D:6      | Reached skill level 7 in Ranged Weapons
  3936 | D:6      | Noticed a two-headed ogre
  3943 | D:6      | Killed a two-headed ogre
  3944 | D:6      | Reached XP level 9. HP: 59/68 MP: 0/0
  3944 | D:6      | Learned a level 3 spell: Stone Arrow
  4003 | D:6      | 4003 ||| UPGRADING to +2 robe of cold resistance.
  4003 | D:6      | Noticed Blork the orc
  4006 | D:6      | Killed Blork the orc
  4007 | D:6      | 4007 ||| UPGRADING to +2 robe of cold resistance.
  4017 | D:6      | 4017 ||| DROPPING +0 ring mail.
  4018 | D:6      | 4018 ||| DROPPING ring of wizardry.
  4110 | D:5      | Killed Edmund
  4146 | D:5      | 4146 ||| SHOPLISTING runed robe (99 gold, have 87).
  4146 | D:5      | 4146 ||| SHOPLISTING steaming leather armour (189 gold,
                  | have 87).
  4185 | D:6      | Reached skill level 6 in Dodging
  4196 | D:6      | 4196 ||| FLEEEEING.
  4197 | D:6      | 4197 ||| FLEEEEING.
  4198 | D:6      | 4198 ||| FLEEEEING.
  4207 | D:6      | 4207 ||| FLEEEEING.
  4208 | D:6      | 4208 ||| FLEEEEING.
  4212 | D:6      | 4212 ||| FLEEEEING.
  4622 | D:6      | 4622 ||| READING scroll of identify.
  4622 | D:6      | 4622 ||| IDENTIFYING viscous white potion
  4777 | D:7      | Found a shimmering altar of Xom.
  4957 | D:7      | Identified the +5 rapier "Orphugusch" {venom, rElec rPois
                  | rCorr Str-2}
  4977 | D:7      | HP: 14/68 [orc warrior/+0 trident (14)]
  4978 | D:7      | 4978 ||| READING 8 scrolls of teleportation.
  4978 | D:7      | HP: 4/68 [orc warrior/+0 trident (10)]
  4979 | D:7      | 4979 ||| DRINKING 4 potions of heal wounds.
  5182 | D:7      | 5182 ||| RETREEEEATING.
  5185 | D:7      | Reached skill level 8 in Ranged Weapons
  5185 | D:7      | 5185 ||| RETREEEEATING.
  5186 | D:7      | 5186 ||| RETREEEEATING.
  5187 | D:7      | 5187 ||| RETREEEEATING.
  5188 | D:7      | 5188 ||| RETREEEEATING.
  5419 | D:7      | Found a stormy altar of Qazlal.
  5434 | D:7      | Reached XP level 10. HP: 75/75 MP: 0/0
  5576 | D:7      | 5576 ||| READING scroll of identify.
  5576 | D:7      | 5576 ||| IDENTIFYING sedimented clear potion
  5577 | D:7      | 5577 ||| READING scroll labelled QOB NYZISY.
  5577 | D:7      | Identified a scroll of acquirement
  5577 | D:7      | 5577 ||| ACQUIRING +1 antimagic triple crossbow
  5577 | D:7      | Acquired a +1 antimagic triple crossbow
  5579 | D:7      | 5579 ||| SWAPPING to +1 antimagic triple crossbow.
  5580 | D:7      | 5580 ||| DROPPING +1 longbow.
  5754 | D:8      | Reached skill level 9 in Ranged Weapons
  5823 | D:8      | 5823 ||| RETREEEEATING.
  5824 | D:8      | 5824 ||| RETREEEEATING.
  5825 | D:8      | 5825 ||| RETREEEEATING.
  5826 | D:8      | 5826 ||| RETREEEEATING.
  5827 | D:8      | 5827 ||| RETREEEEATING.
  5828 | D:8      | 5828 ||| RETREEEEATING.
  5829 | D:8      | 5829 ||| RETREEEEATING.
  5994 | D:8      | 5994 ||| RETREEEEATING.
  5995 | D:8      | 5995 ||| RETREEEEATING.
  5996 | D:8      | 5996 ||| RETREEEEATING.
  5997 | D:8      | 5997 ||| RETREEEEATING.
  5998 | D:8      | 5998 ||| RETREEEEATING.
  5999 | D:8      | 5999 ||| RETREEEEATING.
  6000 | D:8      | 6000 ||| RETREEEEATING.
  6001 | D:8      | 6001 ||| RETREEEEATING.
  6002 | D:8      | 6002 ||| RETREEEEATING.
  6003 | D:8      | 6003 ||| RETREEEEATING.
  6196 | D:8      | 6196 ||| READING scroll labelled VACYAM CEACAE.
  6219 | D:9      | 6219 ||| STAIRDANCE
  6300 | D:8      | 6300 ||| UPGRADING to +0 troll leather armour.
  6310 | D:8      | 6310 ||| DROPPING +2 robe of cold resistance.
  6311 | D:8      | 6311 ||| DROPPING +1 robe of willpower.
  6312 | D:8      | 6312 ||| READING scroll of enchant armour.
  6312 | D:8      | 6312 ||| ENCHANTING +0 troll leather armour.
  6371 | D:9      | Found an iron altar of Okawaru.
  6372 | D:9      | 6372 ||| PLANNING OKAWARU WORSHIP
  6379 | D:9      | Became a worshipper of Warmaster Okawaru
  6380 | D:9      | 6380 ||| PLANNING D:1-11
  6383 | D:9      | Noticed a cyclops
  6384 | D:9      | 6384 ||| DRINKING potion of haste.
  6388 | D:9      | Killed a cyclops
  6389 | D:9      | Reached skill level 10 in Ranged Weapons
  6412 | D:9      | Identified the +6 dagger of Somatz {flame, rElec rC+ Int+4}
  6715 | D:9      | Reached * piety under Okawaru
  6716 | D:9      | Reached XP level 11. HP: 81/81 MP: 0/0
  6716 | D:9      | Learned a level 5 spell: Silence
  6796 | D:9      | Reached skill level 1 in Invocations
  7069 | D:9      | 7069 ||| RETREEEEATING.
  7071 | D:9      | 7071 ||| RETREEEEATING.
  7073 | D:9      | 7073 ||| RETREEEEATING.
  7076 | D:9      | 7076 ||| RETREEEEATING.
  7083 | D:9      | HP: 8/81 [orc warrior/+0 glaive (20)]
  7084 | D:9      | 7084 ||| READING 7 scrolls of teleportation.
  7085 | D:9      | 7085 ||| DRINKING 7 potions of heal wounds.
  7087 | D:9      | 7087 ||| DRINKING 6 potions of heal wounds.
  7172 | D:9      | Reached skill level 3 in Invocations
  7178 | D:9      | 7178 ||| READING 2 scrolls of identify.
  7178 | D:9      | 7178 ||| IDENTIFYING black potion
  7179 | D:9      | 7179 ||| DROPPING potion of magic.
  7205 | D:10     | Entered Level 10 of the Dungeon
  7209 | D:10     | 7209 ||| STAIRDANCE
  7222 | D:10     | 7222 ||| STAIRDANCE
  7229 | D:10     | 7229 ||| STAIRDANCE
  7233 | D:9      | HP: 20/81 [troll (3)]
  7234 | D:9      | 7234 ||| READING 6 scrolls of teleportation.
  7234 | D:9      | HP: 9/81 [troll (7)]
  7235 | D:9      | 7235 ||| DRINKING 5 potions of heal wounds.
  7312 | D:9      | Noticed Pikel
  7313 | D:9      | 7313 ||| INVOKING Heroism.
  7315 | D:9      | 7315 ||| RETREEEEATING.
  7316 | D:9      | 7316 ||| RETREEEEATING.
  7317 | D:9      | Killed Pikel
  7318 | D:9      | Reached skill level 9 in Dodging
  7342 | D:10     | Found a staircase to the Orcish Mines.
  7366 | D:10     | Found a staircase to the Lair.
  7366 | D:10     | Noticed a death yak
  7367 | D:10     | 7367 ||| INVOKING Heroism.
  7368 | D:10     | Noticed a death yak
  7368 | D:10     | Noticed a death yak
  7369 | D:10     | 7369 ||| RETREEEEATING.
  7374 | D:10     | Killed a death yak
  7374 | D:10     | Reached ** piety under Okawaru
  7378 | D:10     | 7378 ||| RETREEEEATING.
  7379 | D:10     | 7379 ||| RETREEEEATING.
  7380 | D:10     | 7380 ||| RETREEEEATING.
  7381 | D:10     | 7381 ||| RETREEEEATING.
  7382 | D:10     | 7382 ||| RETREEEEATING.
  7383 | D:10     | 7383 ||| RETREEEEATING.
  7384 | D:10     | 7384 ||| RETREEEEATING.
  7385 | D:10     | 7385 ||| RETREEEEATING.
  7386 | D:10     | 7386 ||| INVOKING Heroism.
  7390 | D:10     | Killed a death yak
  7395 | D:10     | Killed a death yak
  7396 | D:10     | Reached skill level 11 in Ranged Weapons
  7585 | D:10     | 7585 ||| RETREEEEATING.
  7588 | D:10     | 7588 ||| RETREEEEATING.
  7597 | D:10     | Reached *** piety under Okawaru
  7623 | D:10     | 7623 ||| DRINKING 4 potions of curing.
  7623 | D:10     | 7623 ||| (to cure confusion)
  7630 | D:10     | Reached skill level 9 in Fighting
  7686 | D:10     | 7686 ||| RETREEEEATING.
  7703 | D:10     | 7703 ||| FLEEEEING.
  7704 | D:10     | 7704 ||| FLEEEEING.
  7705 | D:10     | 7705 ||| FLEEEEING.
  7706 | D:10     | 7706 ||| FLEEEEING.
  7707 | D:10     | 7707 ||| FLEEEEING.
  7708 | D:10     | 7708 ||| FLEEEEING.
  7709 | D:10     | 7709 ||| FLEEEEING.
  7710 | D:10     | 7710 ||| FLEEEEING.
  7711 | D:10     | 7711 ||| FLEEEEING.
  7712 | D:10     | 7712 ||| FLEEEEING.
  7713 | D:10     | 7713 ||| FLEEEEING.
  7714 | D:10     | 7714 ||| FLEEEEING.
  7715 | D:10     | 7715 ||| FLEEEEING.
  7716 | D:10     | 7716 ||| FLEEEEING.
  7717 | D:10     | 7717 ||| FLEEEEING.
  7718 | D:10     | 7718 ||| FLEEEEING.
  7719 | D:10     | 7719 ||| FLEEEEING.
  7929 | D:10     | 7929 ||| PLANNING LAIR
  7929 | D:10     | 7929 ||| DROPPING ring of ice.
  7930 | D:10     | 7930 ||| UPGRADING to +4 ring of protection.
  7932 | D:10     | 7932 ||| DROPPING +6 ring of strength.
  7933 | D:10     | 7933 ||| READING scroll of identify.
  7933 | D:10     | 7933 ||| IDENTIFYING metallic white potion
  7934 | D:10     | 7934 ||| DRINKING potion of mutation.
  7934 | D:10     | Gained mutation: You expend health (3 HP) to strengthen
                  | your wands. [potion of mutation]
  7934 | D:10     | Gained mutation: You have a pair of small antennae on your
                  | head. [potion of mutation]
  7969 | Lair:1   | Entered Level 1 of the Lair of Beasts
  8036 | Lair:1   | Reached XP level 12. HP: 89/89 MP: 0/0
  8242 | Lair:1   | 8242 ||| RETREEEEATING.
  8243 | Lair:1   | 8243 ||| RETREEEEATING.
  8244 | Lair:1   | 8244 ||| RETREEEEATING.
  8245 | Lair:1   | 8245 ||| RETREEEEATING.
  8248 | Lair:1   | 8248 ||| RETREEEEATING.
  8249 | Lair:1   | 8249 ||| RETREEEEATING.
  8250 | Lair:1   | 8250 ||| RETREEEEATING.
  8252 | Lair:1   | 8252 ||| RETREEEEATING.
  8253 | Lair:1   | 8253 ||| RETREEEEATING.
  8254 | Lair:1   | 8254 ||| RETREEEEATING.
  8255 | Lair:1   | 8255 ||| RETREEEEATING.
  8256 | Lair:1   | 8256 ||| RETREEEEATING.
  8257 | Lair:1   | 8257 ||| INVOKING Heroism.
  8267 | Lair:1   | Reached **** piety under Okawaru
  8325 | Lair:1   | 8325 ||| RETREEEEATING.
  8326 | Lair:1   | 8326 ||| RETREEEEATING.
  8327 | Lair:1   | 8327 ||| RETREEEEATING.
  8328 | Lair:1   | 8328 ||| RETREEEEATING.
  8331 | Lair:1   | 8331 ||| RETREEEEATING.
  8333 | Lair:1   | 8333 ||| RETREEEEATING.
  8335 | Lair:1   | 8335 ||| RETREEEEATING.
  8338 | Lair:1   | 8338 ||| RETREEEEATING.
  8340 | Lair:1   | 8340 ||| RETREEEEATING.
  8341 | Lair:1   | HP: 13/89 [cane toad (16)]
  8342 | Lair:1   | 8342 ||| READING 5 scrolls of teleportation.
  8343 | Lair:1   | 8343 ||| DRINKING 4 potions of heal wounds.
  8552 | Lair:1   | Noticed Amaemon
  8553 | Lair:1   | 8553 ||| INVOKING Finesse.
  8562 | Lair:1   | Killed Amaemon
  8563 | Lair:1   | Reached skill level 12 in Ranged Weapons
  8769 | Lair:2   | 8769 ||| STAIRDANCE
  8798 | Lair:2   | 8798 ||| STAIRDANCE
  8807 | Lair:2   | 8807 ||| STAIRDANCE
  8807 | Lair:2   | Noticed Sonja
  8812 | Lair:2   | 8812 ||| STAIRDANCE
  8822 | Lair:2   | 8822 ||| INVOKING Finesse.
  8827 | Lair:2   | Killed Sonja
  8828 | Lair:2   | Reached skill level 6 in Invocations
  8940 | Lair:2   | Identified the +8 dagger of Fee Simple {freeze, Int+6}
  8984 | Lair:2   | 8984 ||| READING scroll labelled KISTUAGGOER.
  9009 | Lair:2   | Noticed Gastronok
  9010 | Lair:2   | 9010 ||| INVOKING Finesse.
  9024 | Lair:2   | Killed Gastronok
  9053 | Lair:2   | Reached ***** piety under Okawaru
  9129 | Lair:2   | Found a staircase to the Snake Pit.
  9139 | Lair:2   | Received a gift from Okawaru
  9140 | Lair:2   | Reached XP level 13. HP: 96/96 MP: 0/0
  9140 | Lair:2   | Learned a level 5 spell: Irradiate
  9217 | Lair:2   | 9217 ||| READING scroll of enchant weapon.
  9217 | Lair:2   | 9217 ||| ENCHANTING +1 antimagic triple crossbow.
  9228 | Lair:2   | 9228 ||| RETREEEEATING.
  9258 | Lair:2   | Noticed an eight-headed hydra
  9259 | Lair:2   | 9259 ||| INVOKING Finesse.
  9265 | Lair:2   | Killed an eight-headed hydra
  9281 | Lair:2   | Found a staircase to the Swamp.
  9747 | Lair:3   | Noticed a seven-headed hydra
  9748 | Lair:3   | 9748 ||| STAIRDANCE
  9758 | Lair:3   | 9758 ||| STAIRDANCE
  9763 | Lair:3   | Noticed Rupert
  9764 | Lair:3   | 9764 ||| STAIRDANCE
  9775 | Lair:3   | 9775 ||| STAIRDANCE
  9784 | Lair:3   | 9784 ||| STAIRDANCE
  9791 | Lair:3   | 9791 ||| STAIRDANCE
  9793 | Lair:2   | 9793 ||| INVOKING Finesse.
  9793 | Lair:2   | Slain by Rupert

Levels and vault maps discovered:
D:1:      psy_arrival_terrarium, layout_basic, serial_shops, shop
D:2:      layout_loops_corners, basic_altar
D:3:      cheibrodos_greedy_goblins, layout_basic, lemuel_round_altar
D:4:      layout_basic
D:5:      layout_loops_ring, old_standard_altar,
          nicolae_temple_entry_ecumenical, serial_shops,
          nicolae_shop_hallway_stairs, serial_park_tiny_pond,
          grunt_ministairs_9, minmay_misc_feat_more_columns,
          nicolae_take_the_stairs, nicolae_titane, uniq_edmund
D:6:      layout_cave_pools, eat_drink_and_be_merry_uskayaw,
          minmay_crystal_water, uniq_blork_the_orc
D:7:      layout_gridville, mainiacjoe_overflow_concentric_impassable,
          lemuel_coloured_pillars_altar
D:8:      layout_rooms, nrook_campfire
D:9:      minmay_opposing_rooms, layout_basic, mainiacjoe_overflow_boulevard,
          uniq_pikel
D:10:     layout_loops_ring, dpeg_lair_monsters, david_orc_3
Temple:   compressed_dpeg_triangle_lava_temple
Lair:1:   layout_gridlike, uniq_amaemon
Lair:2:   layout_gridlike, palyth_hydra_swamp_entry,
          minmay_snake_entry_six_corridors, serial_bayou, serial_bayou_shore_b,
          serial_bayou_lake_a, serial_bayou_shore_a, serial_bayou_shore_b,
          nicolae_lair_lil_pond, infiniplex_staircase_pool_2, lemuel_fruit_tree,
          uniq_sonja, uniq_gastronok
Lair:3:   layout_layer_cave, uniq_rupert

Skill      XL: |  1  2  3  4  5  6  7  8  9 10 11 12 13 |
---------------+----------------------------------------+-----
Ranged Weapons | 4 5 6 7 8 10 11 12 | 12.6
Fighting       | 3 4 7 8 9 10 | 10.0
Dodging        | 3 4 7 8 9 10 | 10.1
Armour         | 1 2 |  2.5
Invocations    | 4 7 8 |  8.8
Stealth        | |  0.7

Action                     |  1- 3 |  4- 6 |  7- 9 | 10-12 | 13-15 || total
---------------------------+-------+-------+-------+-------+-------++-------
   Fire: Shortbow          |    92 |   118 |       |       |       ||   210
         Longbow           |       |       |   192 |     1 |       ||   193
         Triple crossbow   |       |       |       |   366 |    56 ||   422
 Invoke: Heroism           |       |       |       |     4 |       ||     4
         Finesse           |       |       |       |     3 |     2 ||     5
    Use: Scroll            |     7 |     4 |     7 |    10 |     1 ||    29
         Potion            |     2 |       |     1 |     7 |       ||    10
 Armour: Leather armour    |    11 |    24 |       |       |       ||    35
         Skin              |     5 |       |       |       |       ||     5
         Ring mail         |       |     2 |    43 |       |       ||    45
         Robe              |       |       |    38 |    45 |       ||    83
         Troll leather arm |       |       |       |   173 |    39 ||   212
  Dodge: Dodged            |    11 |    23 |    97 |   448 |    70 ||   649

Table legend:
 A = Non-vault XP
 B = Vault XP
 C = Vault XP percentage of total XP
 D = Non-vault monster count
 E = Vault monster count
 F = Vault count percentage of total count
                 A         B        C        D         E       F
            +---------+---------+-------+---------+---------+-------
      Total |   19038 |   13677 |  41.8 |     256 |      56 |  17.9
            +---------+---------+-------+---------+---------+-------
        D:1 |      28 |       0 |   0.0 |      18 |       0 |   0.0
        D:2 |      26 |       0 |   0.0 |      16 |       0 |   0.0
        D:3 |     205 |      18 |   8.1 |      21 |       9 |  30.0
        D:4 |     228 |       0 |   0.0 |      15 |       0 |   0.0
        D:5 |     355 |     190 |  34.9 |      14 |       3 |  17.6
        D:6 |    1775 |      96 |   5.1 |      31 |       1 |   3.1
        D:7 |    1101 |       0 |   0.0 |      23 |       0 |   0.0
        D:8 |    1879 |       0 |   0.0 |      30 |       0 |   0.0
        D:9 |    1567 |    2738 |  63.6 |      23 |      13 |  36.1
       D:10 |    1825 |    3082 |  62.8 |      22 |      11 |  33.3
     Lair:1 |    5522 |    1197 |  17.8 |      24 |       2 |   7.7
     Lair:2 |    4527 |    6356 |  58.4 |      19 |      17 |  47.2
            +---------+---------+-------+---------+---------+-------
